SL
WIZARDING EXPRESS @ CHICAGO GOLD SOX
07/10/2025
 
TOP OF THE 1ST
Wizarding Express batting - Pitching for Chicago Gold Sox : RHP Eric Newell
Pitching: RHP Eric Newell
Batting: RHB Chi-ju Zhang 0-0: Ball
1-0: Swinging Strike
1-1: Swinging Strike
1-2: Foul Ball, location: 2F
1-2: Ground out 5-3 (Groundball, 56)
Batting: LHB Kyung-chor Pang 0-0: Called Strike
0-1: Ground out 4-3 (Groundball, 4M)
Batting: RHB António Martínez 0-0: Ball
1-0: Fly out, F9 (Flyball, 89D)
Top of the 1st over - 0 run(s), 0 hit(s), 0 error(s), 0 left on base; Wizarding 0 - Chicago 0
BOTTOM OF THE 1ST
Chicago Gold Sox batting - Pitching for Wizarding Express : LHP Javier Roldán
Pitching: LHP Javier Roldán
Batting: LHB Arthur Ryan 0-0: Called Strike
0-1: Swinging Strike
0-2: Foul Ball, location: 2F
0-2: Foul Ball, location: 2F
0-2: Foul Ball, location: 2F
0-2: Hit by Pitch
Batting: LHB Eddie Flynn 0-0: Grounds into double play, 4-6-3 (Groundball, 4M)
Batting: RHB Ángel Rivera 0-0: Ball
1-0: Swinging Strike
1-1: Ball
2-1: Fly out, F9 (Flyball, 9)
Bottom of the 1st over - 0 run(s), 0 hit(s), 0 error(s), 0 left on base; Wizarding 0 - Chicago 0
TOP OF THE 2ND
Wizarding Express batting - Pitching for Chicago Gold Sox : RHP Eric Newell
Batting: LHB Nathan Tanner 0-0: Ball
1-0: Foul Ball, location: 2F
1-1: Swinging Strike
1-2: Fly out, F7 (Flyball, 7S)
Batting: RHB Rafael Arredondo 0-0: Ball
1-0: Foul Ball, location: 2F
1-1: Swinging Strike
1-2: Strikes out swinging
Batting: RHB Carlos Ortega 0-0: Called Strike
0-1: Fly out, F9 (Flyball, 89M)
Top of the 2nd over - 0 run(s), 0 hit(s), 0 error(s), 0 left on base; Wizarding 0 - Chicago 0
BOTTOM OF THE 2ND
Chicago Gold Sox batting - Pitching for Wizarding Express : LHP Javier Roldán
Batting: LHB Melvin Castro 0-0: Ball
1-0: Ground out 6-3 (Groundball, 6)
Batting: RHB Tyrone Scott 0-0: Called Strike
0-1: Swinging Strike
0-2: Ball
1-2: Ball
2-2: Strikes out swinging
Batting: RHB Scott Zijm 0-0: Swinging Strike
0-1: Ground out 5-3 (Groundball, 5S)
Bottom of the 2nd over - 0 run(s), 0 hit(s), 0 error(s), 0 left on base; Wizarding 0 - Chicago 0
TOP OF THE 3RD
Wizarding Express batting - Pitching for Chicago Gold Sox : RHP Eric Newell
Batting: RHB Steve Dunn 0-0: Ball
1-0: Ground out 1-3 (Groundball, 13S)
Batting: RHB Ed Whitaker 0-0: Swinging Strike
0-1: Ball
1-1: Ground out 4-3 (Groundball, 4)
Batting: RHB Tenshin Ichikawa 0-0: Ground out 4-3 (Groundball, 4)
Top of the 3rd over - 0 run(s), 0 hit(s), 0 error(s), 0 left on base; Wizarding 0 - Chicago 0
BOTTOM OF THE 3RD
Chicago Gold Sox batting - Pitching for Wizarding Express : LHP Javier Roldán
Batting: RHB Rod Jones 0-0: Swinging Strike
0-1: Ball
1-1: Foul Ball, location: 2F
1-2: Foul Ball, location: 2F
1-2: Ball
2-2: Strikes out swinging
Batting: LHB Sam Good 0-0: Fly out, F8 (Flyball, 8LM)
Batting: RHB Matt Love 0-0: SINGLE (Groundball, 4MD)
Batting: LHB Arthur Ryan 0-0: Swinging Strike
0-1: Ball
1-1: Ball
2-1: Called Strike
2-2: Strikes out swinging
Bottom of the 3rd over - 0 run(s), 1 hit(s), 0 error(s), 1 left on base; Wizarding 0 - Chicago 0
TOP OF THE 4TH
Wizarding Express batting - Pitching for Chicago Gold Sox : RHP Eric Newell
Batting: RHB Chi-ju Zhang 0-0: Called Strike
0-1: Foul Ball, location: 2F
0-2: Ground out 4-3 (Groundball, 4)
Batting: LHB Kyung-chor Pang 0-0: Ball
1-0: Ball
2-0: Ball
3-0: Base on Balls
Batting: RHB António Martínez 0-0: Ball
1-0: Called Strike
1-1: Ball
2-1: Foul Ball, location: 2F
2-2: Foul Ball, location: 2F
2-2: Foul Ball, location: 2F
2-2: Grounds into double play, 6-4-3 (Groundball, 6)
Top of the 4th over - 0 run(s), 0 hit(s), 0 error(s), 0 left on base; Wizarding 0 - Chicago 0
BOTTOM OF THE 4TH
Chicago Gold Sox batting - Pitching for Wizarding Express : LHP Javier Roldán
Batting: LHB Eddie Flynn 0-0: Foul Ball, location: 2F
0-1: Swinging Strike
0-2: Ball
1-2: Hit by Pitch
Batting: RHB Ángel Rivera 0-0: Fly out, F7 (Flyball, 7D)
Batting: LHB Melvin Castro 0-0: Ball
1-0: Ball
2-0: Foul Ball, location: 2F
2-1: Ball
3-1: Base on Balls
Eddie Flynn to second
Batting: RHB Tyrone Scott 0-0: Ball
1-0: Foul Ball, location: 2F
1-1: Fly out, F9 (Flyball, 9S)
Batting: RHB Scott Zijm 0-0: Ball
1-0: Ball
2-0: Fielders Choice at 2nd, 4-6 (Groundball, 4)
Bottom of the 4th over - 0 run(s), 0 hit(s), 0 error(s), 1 left on base; Wizarding 0 - Chicago 0
TOP OF THE 5TH
Wizarding Express batting - Pitching for Chicago Gold Sox : RHP Eric Newell
Batting: LHB Nathan Tanner 0-0: Fly out, F9 (Flyball, 89S)
Batting: RHB Rafael Arredondo 0-0: Ball
1-0: Called Strike
1-1: Ball
2-1: Foul Ball, location: 2F
2-2: Ball
3-2: Fly out, F7 (Flyball, 7S)
Batting: RHB Carlos Ortega 0-0: Ball
1-0: Fly out, F8 (Flyball, 8RD)
Top of the 5th over - 0 run(s), 0 hit(s), 0 error(s), 0 left on base; Wizarding 0 - Chicago 0
BOTTOM OF THE 5TH
Chicago Gold Sox batting - Pitching for Wizarding Express : LHP Javier Roldán
Batting: RHB Rod Jones 0-0: Called Strike
0-1: Ball
1-1: Swinging Strike
1-2: Strikes out swinging
Batting: LHB Sam Good 0-0: Ball
1-0: Called Strike
1-1: Foul Ball, location: 2F
1-2: Strikes out swinging
Batting: RHB Matt Love 0-0: Called Strike
0-1: Ball
1-1: Ground out 6-3 (Groundball, 56)
Bottom of the 5th over - 0 run(s), 0 hit(s), 0 error(s), 0 left on base; Wizarding 0 - Chicago 0
TOP OF THE 6TH
Wizarding Express batting - Pitching for Chicago Gold Sox : RHP Eric Newell
Batting: RHB Steve Dunn 0-0: SINGLE (Groundball, 6MD)
Batting: RHB Ed Whitaker 0-0: Ball
1-0: Ball
2-0: Called Strike
2-1: Ball
3-1: Foul Ball, location: 2F
3-2: Base on Balls
Steve Dunn to second
Batting: RHB Tenshin Ichikawa 0-0: Ball
1-0: Bunted foul
1-1: Ball
2-1: Ball
3-1: Bunted foul
3-2: Foul Ball, location: 2F
3-2: Foul Ball, location: 2F
3-2: Foul Ball, location: 2F
3-2: SINGLE (Flyball, 4MD)
Steve Dunn to third
Ed Whitaker to second
Batting: RHB Chi-ju Zhang 0-0: Fly out, F8 (Flyball, 8RM)
Runner from 3rd tags up, SCORES, throw made
Batting: LHB Kyung-chor Pang 0-0: Ball
1-0: Ball
Wild Pitch!
Ed Whitaker to third
Tenshin Ichikawa to second
2-0: Swinging Strike
2-1: Called Strike
2-2: Ball
3-2: SINGLE (Groundball, 34D)
Ed Whitaker scores
Tenshin Ichikawa to third
Runner from 3rd tries for Home, SAFE, throw made home
Kyung-chor Pang to second
Batting: RHB António Martínez 0-0: Ball
1-0: Ball
2-0: Ball
3-0: Called Strike
3-1: Swinging Strike
3-2: Fly out, F8 (Flyball, 8RD)
Runner from 2nd tags up, SAFE at 3rd, no throw
Batting: LHB Nathan Tanner 0-0: Called Strike
0-1: 2-RUN HOME RUN (Flyball, 9D), Distance : 386 ft
Batting: RHB Rafael Arredondo 0-0: Ball
1-0: Foul Ball, location: 2F
1-1: Ball
2-1: Foul Ball, location: 2F
2-2: Ball
3-2: Base on Balls
Pitching: RHP José Martínez
Batting: RHB Carlos Ortega 0-0: Called Strike
0-1: Ball
1-1: Fielders Choice at 2nd, 6-4 (Groundball, 6)
Top of the 6th over - 5 run(s), 4 hit(s), 0 error(s), 0 left on base; Wizarding 5 - Chicago 0
BOTTOM OF THE 6TH
Chicago Gold Sox batting - Pitching for Wizarding Express : LHP Javier Roldán
Batting: LHB Arthur Ryan 0-0: Swinging Strike
0-1: Ball
1-1: Called Strike
1-2: Fly out, F8 (Flyball, 78D)
Batting: LHB Eddie Flynn 0-0: Ball
1-0: Ball
2-0: Foul Ball, location: 2F
2-1: Foul Ball, location: 2F
2-2: Ball
3-2: DOUBLE (Flyball, 89D)
Batting: RHB Ángel Rivera 0-0: Called Strike
0-1: Ball
1-1: Swinging Strike
1-2: Hit by Pitch
Batting: LHB Melvin Castro 0-0: Called Strike
0-1: Ball
1-1: Foul Ball, location: 2F
1-2: Fly out, F9 (Flyball, 9)
Batting: RHB Tyrone Scott 0-0: Swinging Strike
0-1: Ball
1-1: Swinging Strike
1-2: Foul Ball, location: 2F
1-2: Ball
2-2: Foul Ball, location: 2F
2-2: Strikes out swinging
Bottom of the 6th over - 0 run(s), 1 hit(s), 0 error(s), 2 left on base; Wizarding 5 - Chicago 0
TOP OF THE 7TH
Wizarding Express batting - Pitching for Chicago Gold Sox : RHP José Martínez
Batting: RHB Steve Dunn 0-0: Ball
1-0: Ball
2-0: Called Strike
2-1: Ball
3-1: Foul Ball, location: 2F
3-2: Foul Ball, location: 2F
3-2: Strikes out looking
Batting: RHB Ed Whitaker 0-0: Foul Ball, location: 2F
0-1: Swinging Strike
0-2: Strikes out looking
Batting: RHB Tenshin Ichikawa 0-0: SINGLE (Groundball, 6MD)
Batting: RHB Chi-ju Zhang 0-0: Ball
1-0: Called Strike
1-1: Fly out, F4 (Popup, 3D)
Top of the 7th over - 0 run(s), 1 hit(s), 0 error(s), 1 left on base; Wizarding 5 - Chicago 0
BOTTOM OF THE 7TH
Chicago Gold Sox batting - Pitching for Wizarding Express : LHP Javier Roldán
Batting: RHB Scott Zijm 0-0: SINGLE (Groundball, 4MD)
Batting: RHB Rod Jones 0-0: Ball
1-0: Called Strike
1-1: Ball
2-1: Ball
3-1: Base on Balls
Scott Zijm to second
Batting: LHB Sam Good 0-0: Ball
1-0: SINGLE (Groundball, 4D)
Scott Zijm to third
Rod Jones to second
Runner from 3rd tries for Home, SAFE, throw made home
Rod Jones to third
Sam Good to second
Batting: RHB Matt Love 0-0: Ground out 5-3 (Groundball, 56)
Rod Jones scores
Batting: LHB Arthur Ryan 0-0: Ball
1-0: Ball
2-0: Called Strike
2-1: Ground out 6-3 (Groundball, 6)
Pitching: RHP Jackson Haines
Batting: LHB Eddie Flynn 0-0: Foul Ball, location: 2F
0-1: Foul Ball, location: 2F
0-2: Ball
1-2: Ball
2-2: Ball
3-2: Foul Ball, location: 2F
3-2: Ground out U3 (Groundball, 34)
Bottom of the 7th over - 2 run(s), 2 hit(s), 0 error(s), 1 left on base; Wizarding 5 - Chicago 2
TOP OF THE 8TH
Wizarding Express batting - Pitching for Chicago Gold Sox : RHP José Martínez
Batting: LHB Kyung-chor Pang 0-0: Foul Ball, location: 2F
0-1: Called Strike
0-2: Ball
1-2: Foul Ball, location: 2F
1-2: Ground out 4-3 (Groundball, 4)
Batting: RHB António Martínez 0-0: Ball
1-0: Called Strike
1-1: Swinging Strike
1-2: SINGLE (Line Drive, 8LS)
Batting: LHB Nathan Tanner 0-0: Ball
1-0: Called Strike
António Martínez steals 2nd base
1-1: Intentional Walk
Batting: RHB Rafael Arredondo 0-0: Ball
António Martínez steals 3rd base
Nathan Tanner to second
1-0: Swinging Strike
1-1: Ground out 6-3 (Groundball, 6)
Batting: RHB Carlos Ortega 0-0: Foul Ball, location: 2F
0-1: Ball
Wild Pitch!
António Martínez scores
Nathan Tanner to third
1-1: Foul Ball, location: 2F
1-2: Ground out 4-3 (Groundball, 4)
Top of the 8th over - 1 run(s), 1 hit(s), 0 error(s), 1 left on base; Wizarding 6 - Chicago 2
BOTTOM OF THE 8TH
Chicago Gold Sox batting - Pitching for Wizarding Express : RHP Jackson Haines
Batting: RHB Ángel Rivera 0-0: Fly out, F6 (Popup, 6MD)
Batting: LHB Melvin Castro 0-0: Foul Ball, location: 2F
0-1: Ball
1-1: Ball
2-1: SOLO HOME RUN (Flyball, 9LD), Distance : 364 ft
Batting: RHB Tyrone Scott 0-0: Ball
1-0: Fly out, F8 (Line Drive, 8RD)
Batting: RHB Scott Zijm 0-0: Swinging Strike
0-1: Ball
1-1: Fly out, F9 (Flyball, 9S)
Bottom of the 8th over - 1 run(s), 1 hit(s), 0 error(s), 0 left on base; Wizarding 6 - Chicago 3
TOP OF THE 9TH
Wizarding Express batting - Pitching for Chicago Gold Sox : RHP José Martínez
Batting: RHB Steve Dunn 0-0: Fly out, F5 (Popup, 5)
Batting: RHB Ed Whitaker 0-0: Foul Ball, location: 2F
0-1: Ball
1-1: Ball
2-1: Ground out 5-3 (Groundball, 5)
Batting: RHB Tenshin Ichikawa 0-0: Called Strike
0-1: Ball
1-1: Ground out 4-3 (Groundball, 34)
Top of the 9th over - 0 run(s), 0 hit(s), 0 error(s), 0 left on base; Wizarding 6 - Chicago 3
BOTTOM OF THE 9TH
Chicago Gold Sox batting - Pitching for Wizarding Express : RHP Jackson Haines
Pitching: RHP Lou Meadows
Batting: RHB Rod Jones 0-0: Foul Ball, location: 2F
0-1: Called Strike
0-2: Foul Ball, location: 2F
0-2: Ball
1-2: Strikes out swinging
Batting: LHB Sam Good 0-0: Called Strike
0-1: Fly out, F8 (Line Drive, 8LD)
Batting: RHB Matt Love 0-0: Ball
1-0: Called Strike
1-1: Ball
2-1: Ground out 5-3 (Groundball, 56)
Bottom of the 9th over - 0 run(s), 0 hit(s), 0 error(s), 0 left on base; Wizarding 6 - Chicago 3
Friday, December 30th, 2016 - OOTP Baseball 17.12 Build 75